 Dungeon Crawl Stone Soup version 0.19.5 (webtiles) character file.

170 Onaxys the Skirmisher (level 5, -5/57 HPs)
             Began as an Ogre Berserker on May 16, 2017.
             Was a Believer of Trog.
             Slain by a gnoll
             ... wielding a +0 spear
              (10 damage)
             ... on level 3 of the Dungeon.
             The game lasted 00:08:47 (3089 turns).

Onaxys the Skirmisher (Ogre Berserker)              Turns: 3089, Time: 00:08:48

Health: -5/57      AC:  3    Str: 23    XL:     5   Next: 51%
Magic:  5/5        EV: 11    Int:  6    God:    Trog [**....]
Gold:   62         SH:  0    Dex:  9    Spells: 0 memorised, 4 levels left

rFire  . . .     SeeInvis .     e - +0 spear (venom)
rCold  . . .     Gourm    .     m - +0 robe (curse)
rNeg   . . .     Faith    .     (no shield)
rPois  .         Spirit   .     (helmet restricted)
rElec  .         Reflect  .     (no cloak)
rCorr  .         Harm     .     (gloves unavailable)
MR     .....                    (boots unavailable)
Stlth  +.........               (no amulet)
                                (no ring)
                                (no ring)

@: no status effects
A: unfitting armour, tough skin 1
a: Berserk, Trog's Hand, Burn Spellbooks, Renounce Religion


You were on level 3 of the Dungeon.
You worshipped Trog.
Trog was pleased with you.
You were not hungry.

You visited 1 branch of the dungeon, and saw 3 of its levels.

You collected 62 gold pieces.

Inventory:

Hand Weapons
 a - a +0 mace
 e - a +0 spear of venom (weapon)
Armour
 b - a +0 animal skin
 m - a cursed +0 robe (worn)
Jewellery
 q - an uncursed amulet of regeneration {unknown}
Scrolls
 g - a scroll of enchant armour {unknown}
 h - 2 scrolls of fear {unknown}
 j - a scroll of recharging {unknown}
 k - a scroll of identify {unknown}
 p - a scroll of random uselessness {unknown}
Potions
 d - a potion of cancellation {unknown}
 f - a potion of heal wounds {unknown}
 i - a potion of might {unknown}
 l - a potion of magic {unknown}
 n - a potion of curing {unknown}
Comestibles
 c - 2 bread rations
 o - 4 fruits
 s - a beef jerky


   Skills:
 + Level 5.2 Fighting
 + Level 4.6 Maces & Flails
 + Level 2.4 Polearms
 + Level 3.4 Dodging
 + Level 1.4 Stealth


You had 4 spell levels left.
You didn't know any spells.

Dungeon Overview and Level Annotations

Branches:
Dungeon (3/15)

Altars:
Nemelex Xobeh
Okawaru
Uskayaw


Innate Abilities, Weirdness & Mutations

You are too large for most types of armour.
You have tough skin. (AC +1)


Message History

You closely miss the gnoll.
The gnoll is heavily wounded.
The gnoll barely misses you.
The gnoll hits you from afar with a spear.
* * * LOW HITPOINT WARNING * * *
You barely miss the gnoll.
The gnoll is heavily wounded.
The gnoll hits you.
* * * LOW HITPOINT WARNING * * *
The gnoll hits you from afar with a spear.
* * * LOW HITPOINT WARNING * * *
You hit the gnoll.
The gnoll looks as sick as possible!
The gnoll is severely wounded.
The gnoll barely misses you.
You barely miss the gnoll.
The gnoll is almost dead.
You kill the gnoll!
Trog accepts your kill.
The gnoll hits you from afar with a spear!
You die...

#.# .# #.##.# #.#.. #.#.#
#.#.###.# #.......# #.g....##
#)#.##.# #@#....# #.#....####
################.##...#.. ..
...........##.........#.# ##.##
#####.####.##.##......#.##.#...
.## #.#..........#.........#..#
#.# #....#.##.##.##...#.####..#
.## #....#.##........##.####..#
#####......##)##.##.###.).....#


You could see a gnoll.

Vanquished Creatures
  An orc wizard (D:3)
  2 gnolls (D:3)
  3 adders
  2 worms (D:2)
  A dart slug (D:1)
  A leopard gecko (D:1)
  10 orcs (D:3)
  6 giant cockroaches
  4 goblins
  9 hobgoblins
  7 jackals
  11 kobolds
  A quokka (D:3)
  5 bats
  A frilled lizard (D:2)
  10 rats
74 creatures vanquished.

Notes
Turn   | Place    | Note
-------+----------+-------------------------------------------
     0 | D:1      | Onaxys the Ogre Berserker began the quest for the Orb.
     0 | D:1      | Reached XP level 1. HP: 24/24 MP: 1/1
   274 | D:1      | Reached XP level 2. HP: 32/33 MP: 2/2
   439 | D:1      | Found a sparkling altar of Nemelex Xobeh.
   694 | D:1      | Reached XP level 3. HP: 36/40 MP: 3/3
  1038 | D:2      | Reached ** piety under Trog
  1282 | D:2      | Reached skill level 1 in Polearms
  1467 | D:2      | Reached XP level 4. HP: 43/49 MP: 4/4
  2274 | D:3      | Reached skill level 1 in Stealth
  2531 | D:3      | Found an iron altar of Okawaru.
  2691 | D:3      | Reached XP level 5. HP: 52/55 MP: 5/5
  2708 | D:3      | Noticed a dagger
  2710 | D:3      | Noticed a hand axe
  2714 | D:3      | Found a hide-covered altar of Uskayaw.
  2764 | D:3      | Reached skill level 5 in Fighting
  3089 | D:3      | Slain by a gnoll

Skill      XL: |  1  2  3  4  5 |
---------------+----------------+-----
Dodging        | 3 |  3.4
Polearms       | 1 2 |  2.4
Stealth        | 1 |  1.4
Fighting       | 5 |  5.2
Maces & Flails | |  4.6

Action                   |  1- 3 |  4- 6 || total
-------------------------+-------+-------++-------
Melee: Mace              |    44 |       ||    44
       Spear             |    94 |   123 ||   217
 Stab: Sleeping          |     3 |     1 ||     4
  Eat: Chunk             |     1 |     2 ||     3
       Bread ration      |       |     1 ||     1
Armor: Animal skin       |    24 |    19 ||    43
       Robe              |       |    13 ||    13
Dodge: Dodged            |    69 |    66 ||   135
